 Dungeon Crawl Stone Soup version 0.20.1-1-g8b1a95d (webtiles) character file.

181534 mimosa the Executioner (level 18, -16/173 HPs)
             Began as a Hill Orc Berserker on Sept 22, 2017.
             Was the Champion of Trog.
             Killed from afar by a deep elf death mage (49 damage)
             ... with a bolt of negative energy
             ... on level 3 of the Elven Halls.
             The game lasted 01:40:12 (38826 turns).

mimosa the Executioner (Hill Orc Berserker)        Turns: 38826, Time: 01:40:13

Health: -16/173    AC: 30    Str: 30    XL:     18   Next: 30%
Magic:  20/20      EV: 10    Int:  7    God:    Trog [******]
Gold:   2571       SH: 14    Dex: 19    Spells: 17/17 levels left

rFire    . . .     SeeInvis .   Y - +5 war axe (venom)
rCold    + + .     Gourm    .   Z - +2 buckler {reflect}
rNeg     . . .     Faith    .   S - +4 plate armour {rC+}
rPois    .         Spirit   .   n - +0 helmet
rElec    +         Reflect  +   X - +0 cloak {rC+}
rCorr    .         Harm     .   s - +0 pair of gloves {Str+3}
MR       +++++     Rnd*Rage +   u - +2 pair of boots
Stlth    ..........             M - +4 amulet of reflection
Regen    1.4/turn               T - ring "Xacheria" {rElec rF- MR++ Str+3 Dex+5}
MPRegen  0.2/turn               K - ring of protection from fire

@: regenerating, drained
A: berserk 1, blink, high mp 1
a: Blink, Berserk, Trog's Hand, Brothers in Arms, Burn Spellbooks, Renounce
Religion


You were on level 3 of the Elven Halls.
You worshipped Trog.
Trog was exalted by your worship.
You were near starving.

You visited 4 branches of the dungeon, and saw 26 of its levels.
You also visited: Ice Cave and Wizlab.

You collected 3133 gold pieces.
You spent 562 gold pieces at shops.

Inventory:

Hand Weapons
 p - the +7 executioner's axe of Untruth {freeze, +Rage Stlth+}
   (Trog gifted it to you on level 11 of the Dungeon)

   It has been specially enchanted to freeze those struck by it, causing extra
   injury to most foes and up to half again as much damage against particularly
   susceptible opponents.
   It can also slow down cold-blooded creatures.
   It lets you go berserk.
   It makes you more stealthy.
 W - a +1 hand axe of flaming
 Y - a +5 war axe of venom (weapon)
Missiles
 R - 4 silver tomahawks (quivered)
Armour
 n - a +0 helmet (worn)
 s - a +0 pair of gloves of strength (worn)
 u - a +2 pair of boots (worn)
 S - a +4 plate armour of cold resistance (worn)
 X - a +0 cloak of cold resistance (worn)
 Z - a +2 buckler of reflection (worn)
Jewellery
 h - a +4 ring of dexterity
 i - a +2 ring of protection
 j - an uncursed ring of resist corrosion
 r - a +4 ring of evasion
 v - a +3 ring of strength
 K - a ring of protection from fire (right hand)
 M - a +4 amulet of reflection (around neck)
 P - an uncursed ring of protection from magic
 Q - an uncursed ring of see invisible
 T - the ring "Xacheria" (left hand) {rElec rF- MR++ Str+3 Dex+5}
   (You found it on level 6 of the Lair of Beasts)

   [ring of dexterity]

   It affects your strength (+3).
   It affects your dexterity (+5).
   It makes you vulnerable to fire.
   It insulates you from electricity.
   It affects your resistance to hostile enchantments.
Scrolls
 a - 5 scrolls of fog
 b - 8 scrolls of teleportation
 e - 5 scrolls of remove curse
 g - 4 scrolls of enchant armour
 k - 4 scrolls of summoning
 o - 2 scrolls of magic mapping
 q - 2 scrolls of noise
 w - 3 scrolls of recharging
 x - 3 scrolls of fear
 y - 4 scrolls of blinking
 F - 4 scrolls of enchant weapon
 O - 2 scrolls of silence
Potions
 l - 4 potions of mutation
 m - 3 potions of heal wounds
 z - 2 potions of cancellation {unknown}
 A - 4 potions of curing
 C - a potion of magic
 E - 4 potions of haste
 G - a potion of might {unknown}
 H - 5 potions of agility
 I - a potion of berserk rage {unknown}
 J - a potion of resistance
 N - 3 potions of invisibility
 U - a potion of brilliance {unknown}
 V - 2 potions of flight
Comestibles
 c - 11 bread rations
 f - 10 meat rations
 t - 19 royal jellies
 D - 14 fruits


   Skills:
 * Level 18.4(17.3) Fighting
 - Level 23.1(21.9) Axes
 - Level 17.1(16.0) Armour
 - Level 3.0(2.2) Dodging
 - Level 13.3(12.4) Shields
 - Level 0.4(0.0) Evocations


You had 17 spell levels left.
You didn't know any spells.

Dungeon Overview and Level Annotations

Branches:
Dungeon (15/15)            Temple (0/1) D:4            Lair (6/6) D:9
 Shoals (0/4) Lair:3        Snake (0/4) Lair:2        Slime (0/5) Lair:6
    Orc (2/2) D:10            Elf (3/3) Orc:2        Vaults (0/5) D:14
 Depths: D:15

Altars:
Okawaru
Trog
Vehumet
The Shining One
Jiyva
Lugonu

Shops:
D:4 *   D:11 ?   D:13 [   Orc:2 ([*:   Elf:2 =*}![*


Innate Abilities, Weirdness & Mutations

You tend to lose your temper in combat.
You can translocate small distances at will.
You have an increased reservoir of magic. (+10% MP)


Message History

The earth elemental hits your troll!!
Your troll bites the earth elemental!!
Your troll claws the earth elemental.
Your troll claws the earth elemental but does no damage.
You hit the earth elemental but do no damage.
You completely miss the deep elf death mage.
The earth elemental disappears in a puff of smoke!
The deep elf high priest invokes the aid of its god against you.
Something smites you!
* * * LOW HITPOINT WARNING * * *
The earth elemental completely misses your troll.
The deep elf elementalist casts a spell at you.
Some walls begin to move on their own!
You block the earth elemental's attack.
Your troll bites the earth elemental but does no damage.
Your troll claws the earth elemental but does no damage. x2
Okay, then.
You feel much better.
The earth elemental disappears in a puff of smoke!
The deep elf death mage casts a spell at you.
The bolt of negative energy hits you!
You feel drained.
You die...

#......).####.EEeE#
#.#...#.e.....Eee)#
#.###.##e...#e.E#)##
#.###...eeE.§e##...##
.......§§.##)....(.########
########e######............
#E)e## ##.#(......##
#.Te.#####.##.....##
#EEE@E.....###...##
###E######.# ##### ########
#.# #......# #.#
#####.####.# #.# ####
#........#)# ###.#######...
#........#.###....<....#.##
#..##..............###.#.#
#..##.##.#.###.#.#.###.#.##


You could see a deep elf annihilator, a deep elf death mage, a deep elf
elementalist, 2 deep elf archers, a deep elf high priest, 6 earth elementals, a
deep elf mage and a friendly troll (berserk).

Vanquished Creatures
  A Hellbinder (WizLab)
  Rupert (Lair:5)
  Asterion (Elf:3)
  A deep elf master archer (Elf:3)
  A deep elf blademaster (Elf:3)
  Frances (Elf:1)
  An orc warlord (Orc:1)
  A deep elf sorcerer (Elf:1)
  A cacodemon (WizLab)
  2 balrugs (WizLab)
  3 deep elf elementalists
  A reaper (WizLab)
  Nessos (Lair:5)
  A deep elf demonologist (WizLab)
  2 ettins
  3 deep elf death magi
  Josephine (Orc:1)
  8 vault guards (D:14)
  5 hydras
  Fannar (Lair:2)
  2 hell beasts (WizLab)
  2 centaur warriors (D:13)
  3 catoblepae (Lair:6)
  The ghost of Mitsuki the Geomancer, a journeyman GrEE of Vehumet (D:11)
  An ogre mage (D:14)
  Erica (Lair:1)
  24 dancing weapons
  8 death yaks
  5 two-headed ogres
  2 orc high priests (Orc:2)
  4 sun demons (WizLab)
  3 soul eaters (WizLab)
  24 deep elf knights
  Sonja (Orc:2)
  A fire crab (Lair:6)
  5 skeletal warriors
  4 unseen horrors
  7 deep elf archers
  5 orc knights
  55 deep elf magi
  2 necromancers
  5 orc sorcerers
  11 ugly things
  5 manticores
  8 elephants
  A cyclops (D:11)
  An ice statue (IceCv)
  An elf zombie (D:15)
  A rust devil (WizLab)
  4 centaur zombies
  A torpor snail (Lair:4)
  2 orange demons (WizLab)
  11 spiny frogs
  3 centaur skeletons
  11 black mambas
  2 kobold demonologists
  5 rime drakes
  An efreet (D:10)
  17 komodo dragons
  11 freezing wraiths
  2 red devils (WizLab)
  7 trolls
  2 hornets
  A wolf spider simulacrum (IceCv)
  7 blink frogs
  9 hippogriffs
  2 shadows
  2 fire elementals
  A ynoxinul (WizLab)
  4 wyverns
  3 wraiths (Orc:1)
  3 basilisks
  Grum (D:11)
  55 yaks
  12 vampire mosquitoes
  A hungry ghost (D:13)
  Edmund (D:5)
  A death yak simulacrum (IceCv)
  4 wargs
  3 soldier ants
  An acid dragon (D:13)
  15 water moccasins
  2 hell hounds (D:9)
  6 porcupines
  35 orc warriors
  A black bear (Lair:2)
  An alligator simulacrum (IceCv)
  3 sky beasts
  10 ice beasts
  3 phantoms
  14 ogres
  2 eyes of draining
  27 wolves
  13 centaurs
  5 crocodiles
  2 big kobolds
  7 small abominations (D:8)
  14 bullfrogs
  A gnoll sergeant (D:11)
  A wyvern zombie (D:10)
  2 earth elementals (Elf:1)
  5 scorpions
  5 killer bees (D:10)
  4 wights (D:11)
  2 howler monkeys
  6 draconian simulacra (IceCv)
  2 lava snakes (Elf:2)
  7 crimson imps
  A jelly (D:7)
  Crazy Yiuf (D:5)
  A bullfrog skeleton (D:6)
  22 orc priests
  26 orc wizards
  Terence (D:2)
  6 iguanas
  9 worker ants
  2 spriggan simulacra (IceCv)
  8 troll simulacra (IceCv)
  A wolf simulacrum (IceCv)
  A hound zombie (D:6)
  2 worker ant zombies
  Robin (D:2)
  10 adders
  11 gnolls
  A howler monkey skeleton (D:11)
  3 naga simulacra (IceCv)
  An ogre simulacrum (IceCv)
  3 shadow imps
  12 white imps (IceCv)
  5 worms
  2 adder skeletons
  An adder zombie (D:9)
  2 leopard geckos
  92 orcs
  8 bats
  6 giant cockroaches
  14 goblins
  17 hobgoblins
  7 jackals
  16 kobolds
  2 quokkas
  2 ball pythons
  6 frilled lizards
  A leopard gecko zombie (D:6)
  A quokka skeleton (D:7)
  A quokka zombie (D:5)
  10 rats
  8 fungi
939 creatures vanquished.

Vanquished Creatures (others)
  14 fungi
  9 plants
23 creatures vanquished.

Grand Total: 962 creatures vanquished

Notes
Turn   | Place    | Note
-------+----------+-------------------------------------------
     0 | D:1      | mimosa the Hill Orc Berserker began the quest for the Orb.
     0 | D:1      | Reached XP level 1. HP: 19/19 MP: 1/1
   269 | D:1      | Reached XP level 2. HP: 24/27 MP: 2/2
   776 | D:1      | Reached XP level 3. HP: 34/34 MP: 3/3
  1462 | D:2      | Reached ** piety under Trog
  1493 | D:2      | Noticed Robin
  1504 | D:2      | Reached skill level 5 in Fighting
  1505 | D:2      | Killed Robin
  1505 | D:2      | Reached skill level 5 in Axes
  1505 | D:2      | Reached XP level 4. HP: 42/42 MP: 4/4
  2042 | D:2      | Noticed Terence
  2052 | D:2      | Killed Terence
  2138 | D:2      | Reached XP level 5. HP: 47/48 MP: 5/5
  2198 | D:3      | Reached skill level 6 in Axes
  2484 | D:3      | Reached *** piety under Trog
  3015 | D:3      | Reached skill level 7 in Axes
  3061 | D:3      | Reached XP level 6. HP: 55/56 MP: 6/6
  3272 | D:4      | Found Aryw's General Store.
  3331 | D:4      | Found a staircase to the Ecumenical Temple.
  3594 | D:4      | Reached **** piety under Trog
  3594 | D:4      | Reached skill level 8 in Axes
  3965 | D:5      | Entered Level 5 of the Dungeon
  3965 | D:5      | Noticed a sky beast
  3983 | D:5      | Killed a sky beast
  3983 | D:5      | Reached XP level 7. HP: 60/64 MP: 7/7
  3987 | D:5      | Gained mutation: You can translocate small distances at will. [mutagenic meat]
  3988 | D:5      | Gained mutation: You have an increased reservoir of magic. (+10% MP) [mutagenic meat]
  3989 | D:5      | Gained mutation: You tend to lose your temper in combat. [mutagenic meat]
  4230 | D:5      | Reached skill level 9 in Axes
  4396 | D:5      | Found a runed door.
  4400 | D:5      | Noticed Crazy Yiuf
  4406 | D:5      | Killed Crazy Yiuf
  4627 | D:5      | Noticed a two-headed ogre
  4641 | D:5      | Killed a two-headed ogre
  4641 | D:5      | Reached skill level 11 in Axes
  4641 | D:5      | Reached XP level 8. HP: 26/74 MP: 7/9
  5565 | D:5      | Noticed Edmund
  5574 | D:5      | Killed Edmund
  5574 | D:5      | Reached skill level 12 in Axes
  5574 | D:5      | Reached XP level 9. HP: 82/82 MP: 10/10
  6211 | D:6      | Reached skill level 13 in Axes
  7167 | D:8      | Reached ***** piety under Trog
  7487 | D:8      | Found a transporter.
  7597 | D:8      | Noticed a two-headed ogre
  7605 | D:8      | Killed a two-headed ogre
  7605 | D:8      | Reached skill level 10 in Fighting
  7605 | D:8      | Reached skill level 14 in Axes
  7605 | D:8      | Reached XP level 10. HP: 90/93 MP: 11/11
  8100 | D:8      | Noticed a two-headed ogre
  8110 | D:8      | Killed a two-headed ogre
  8110 | D:8      | Reached skill level 15 in Axes
  8334 | D:8      | Paralysed by a hornet for 1 turns
  8337 | D:8      | Paralysed by a hornet for 3 turns
  9035 | D:9      | Found an iron altar of Okawaru.
  9406 | D:9      | Found a staircase to the Lair.
  9876 | D:10     | Entered Level 10 of the Dungeon
  9891 | D:10     | Reached skill level 16 in Axes
 10072 | D:10     | Found a glowing golden altar of the Shining One.
 10223 | D:10     | Reached XP level 11. HP: 74/103 MP: 12/12
 10576 | D:10     | Found a staircase to the Orcish Mines.
 11119 | D:11     | Noticed Mitsuki's ghost (journeyman GrEE)
 11129 | D:11     | Killed Mitsuki's ghost
 11129 | D:11     | Reached skill level 17 in Axes
 11580 | D:11     | Found Ymopoefu's Magic Scroll Boutique.
 11888 | D:11     | Found a radiant altar of Vehumet.
 11943 | D:11     | Received a gift from Trog
 11946 | D:11     | Got a crude executioner's axe {god gift}
 11963 | D:11     | Identified the +7 executioner's axe of Untruth {freeze, +Rage Stlth+} (Trog gifted it to you on level 11 of the Dungeon)
 12008 | D:11     | Noticed a cyclops
 12012 | D:11     | Killed a cyclops
 12098 | D:11     | Noticed Grum
 12104 | D:11     | Killed Grum
 12126 | D:11     | Noticed a manticore
 12136 | D:11     | Killed a manticore
 12671 | D:12     | Noticed a two-headed ogre
 12677 | D:12     | Killed a two-headed ogre
 12685 | D:12     | Reached skill level 18 in Axes
 13498 | D:8      | Found a corrupted altar of Lugonu.
 13502 | D:8      | Noticed a green ugly thing
 13503 | D:8      | Noticed a brown ugly thing
 13503 | D:8      | Noticed a cyan ugly thing
 13503 | D:8      | Noticed a cyan ugly thing
 13510 | D:8      | Killed a cyan ugly thing
 13510 | D:8      | Reached XP level 12. HP: 115/115 MP: 13/13
 13713 | D:8      | Found a transporter.
 13881 | D:11     | Reached skill level 19 in Axes
 14175 | D:12     | Noticed a two-headed ogre
 14178 | D:12     | Killed a two-headed ogre
 14773 | D:12     | Received a gift from Trog
 14773 | D:12     | Reached skill level 20 in Axes
 15053 | D:13     | Noticed a centaur warrior
 15053 | D:13     | Noticed a centaur warrior
 15057 | D:13     | Killed a centaur warrior
 15061 | D:13     | Killed a centaur warrior
 15061 | D:13     | Reached XP level 13. HP: 125/125 MP: 14/14
 15247 | D:13     | Found Tyturokh's Armour Shoppe.
 15587 | D:13     | Reached skill level 5 in Armour
 16629 | D:14     | Noticed a vault guard
 16629 | D:14     | Noticed a vault guard
 16630 | D:14     | Noticed a vault guard
 16630 | D:14     | Noticed a vault guard
 16672 | D:14     | Killed a vault guard
 16673 | D:14     | Killed a vault guard
 16674 | D:14     | Killed a vault guard
 16725 | D:14     | Noticed a vault guard
 16734 | D:14     | Killed a vault guard
 16961 | D:14     | Killed a vault guard
 17149 | D:14     | Noticed a vault guard
 17155 | D:14     | Killed a vault guard
 17177 | D:14     | Reached skill level 10 in Armour
 17304 | D:14     | Found a gate to the Vaults.
 17388 | D:14     | Noticed a vault guard
 17395 | D:14     | Killed a vault guard
 17520 | D:14     | Reached XP level 14. HP: 122/133 MP: 15/15
 17545 | D:15     | Entered Level 15 of the Dungeon
 17895 | D:15     | Received a gift from Trog
 18215 | Orc:1    | Entered Level 1 of the Orcish Mines
 18729 | D:10     | Reached skill level 1 in Shields
 19261 | Orc:1    | Found a bloodstained altar of Trog.
 19337 | Orc:1    | Noticed Josephine
 19347 | Orc:1    | Killed Josephine
 19640 | Orc:2    | Entered Level 2 of the Orcish Mines
 19644 | Orc:2    | Noticed Sonja
 19861 | Orc:2    | Found a staircase to the Elven Halls.
 19967 | Orc:2    | Noticed an orc warlord
 20200 | Orc:1    | Killed an orc warlord
 20511 | Orc:2    | Found Xag Doug's Antique Armour Emporium.
 20516 | Orc:2    | Reached ****** piety under Trog
 20553 | Orc:2    | Received a gift from Trog
 21240 | Orc:2    | Killed Sonja
 21760 | Orc:2    | Bought a pair of glowing gloves for 217 gold pieces
 21782 | Orc:2    | Found Baor's Antique Weapon Emporium.
 21856 | Orc:2    | Found Gofetuc's General Store.
 21924 | Orc:2    | Received a gift from Trog
 22027 | Orc:2    | Bought a scroll of enchant armour for 97 gold pieces
 22027 | Orc:2    | Bought a scroll of identify for 26 gold pieces
 22040 | Orc:2    | Found Zeuvum's Book Boutique.
 22627 | Lair:1   | Entered Level 1 of the Lair of Beasts
 22652 | Lair:1   | Found a frozen archway.
 22664 | IceCv    | Entered an ice cave
 22856 | IceCv    | Reached skill level 5 in Shields
 23092 | IceCv    | Found an ancient bone altar of Kikubaaqudgha.
 23102 | IceCv    | Reached XP level 15. HP: 124/139 MP: 16/16
 23121 | IceCv    | Received a gift from Trog
 23801 | Lair:1   | Noticed Erica
 23813 | Lair:1   | Reached skill level 15 in Armour
 23814 | Lair:1   | Killed Erica
 24816 | Lair:1   | Identified a scroll of acquirement
 24817 | Lair:1   | Got a bloodstained ring mail
 24828 | Lair:1   | Identified the +0 ring mail "Zessoir" {Int+2} (You acquired it on level 1 of the Lair of Beasts)
 25258 | Lair:2   | Found a staircase to the Snake Pit.
 25623 | Lair:2   | Noticed Fannar
 25638 | Lair:2   | Killed Fannar
 26100 | Lair:3   | Found a staircase to the Shoals.
 26850 | Lair:4   | Received a gift from Trog
 28694 | Lair:5   | Noticed Nessos
 28709 | Lair:5   | Killed Nessos
 29219 | Lair:5   | Noticed Rupert
 29225 | Lair:5   | Paralysed by Rupert for 5 turns
 29233 | Lair:5   | Killed Rupert
 29691 | Lair:6   | Entered Level 6 of the Lair of Beasts
 29828 | Lair:6   | Received a gift from Trog
 29898 | Lair:6   | Reached skill level 21 in Axes
 29898 | Lair:6   | Reached XP level 16. HP: 126/147 MP: 17/17
 30174 | Lair:6   | Found a viscous altar of Jiyva.
 30175 | Lair:6   | Found a staircase to the Slime Pits.
 30929 | Lair:6   | Reached skill level 22 in Axes
 31459 | Lair:6   | Got an ancient turquoise ring
 31592 | Lair:6   | Identified the ring "Xacheria" {rElec rF- MR++ Str+3 Dex+5} (You found it on level 6 of the Lair of Beasts)
 31872 | Elf:1    | Entered Level 1 of the Elven Halls
 32082 | Elf:1    | Found a radiant altar of Vehumet.
 32199 | Elf:1    | Noticed Frances
 32204 | Elf:1    | Killed Frances
 32482 | Elf:1    | Received a gift from Trog
 32490 | Elf:1    | Reached skill level 23 in Axes
 32851 | D:4      | Bought a +2 buckler of reflection for 222 gold pieces
 33671 | Elf:1    | Reached skill level 10 in Shields
 33684 | Elf:1    | Identified Mnoleg's Guide on the Entourage
 33826 | Elf:1    | Reached XP level 17. HP: 134/154 MP: 19/19
 34074 | Elf:2    | Found Darel's Elven Fire.
 34213 | Elf:2    | Found Moitiga's Antique Armour Boutique.
 34235 | Elf:2    | Found Haton's Distillery.
 34242 | Elf:2    | Found Fabeiklu's Gadget Shoppe.
 34257 | Elf:2    | Found Faehiqer's Assorted Antiques.
 34304 | Elf:2    | Found Umpad's Jewellery Shop.
 34304 | Elf:2    | Found a magical portal.
 34337 | WizLab   | Entered The Hall of the Hellbinder
 34775 | WizLab   | Received a gift from Trog
 35188 | WizLab   | Noticed an Ice Fiend
 35989 | WizLab   | Noticed Qaquudghe
 36010 | WizLab   | Killed Qaquudghe the Hellbinder
 36010 | WizLab   | Reached skill level 15 in Fighting
 36057 | WizLab   | Found a burning altar of Makhleb.
 36099 | WizLab   | Identified Xaveumui's Guide on the Entourage
 36100 | WizLab   | Identified the Collected Works on Companions
 36880 | Elf:2    | Found a huge runed gate.
 36880 | Elf:2    | Found a huge runed gate.
 36884 | Elf:2    | Found a huge runed gate.
 37230 | Elf:2    | Received a gift from Trog
 37542 | Elf:2    | Reached XP level 18. HP: 87/169 MP: 20/20
 37966 | Elf:3    | Entered Level 3 of the Elven Halls
 38292 | Elf:3    | Noticed Asterion
 38311 | Elf:3    | Killed Asterion
 38358 | Elf:3    | Received a gift from Trog
 38770 | Elf:3    | Noticed a deep elf master archer
 38772 | Elf:3    | Noticed a deep elf blademaster
 38815 | Elf:3    | Killed a deep elf blademaster
 38822 | Elf:3    | Killed a deep elf master archer
 38826 | Elf:3    | Killed from afar by a deep elf death mage

Skill      XL: |  1  2  3  4  5  6  7  8  9 10 11 12 13 14 15 16 17 18 |
---------------+-------------------------------------------------------+-----
Fighting       | 4 5 6 7 8 10 11 13 14 17 18 | 18.4
Axes           | 5 7 8 11 12 14 16 18 20 21 23 | 23.1
Armour         | 11 14 17 | 17.1
Dodging        | 2 3 |  3.0
Shields        | 5 7 10 13 | 13.3
Evocations     | |  0.4

Action                   |  1- 3 |  4- 6 |  7- 9 | 10-12 | 13-15 | 16-18 || total
-------------------------+-------+-------+-------+-------+-------+-------++-------
Melee: Hand axe          |   109 |   229 |       |       |    25 |     5 ||   368
       War axe           |       |    22 |   214 |   279 |    57 |   625 ||  1197
       Executioner's axe |       |       |       |   175 |   892 |   158 ||  1225
Invok: Berserk           |     1 |     4 |     5 |     6 |     5 |     3 ||    24
       Burn Spellbooks   |       |       |       |       |     1 |     1 ||     2
       Trog's Hand       |       |       |       |       |     2 |     4 ||     6
       Brothers in Arms  |       |       |       |       |       |     1 ||     1
Evoke: Wand              |       |     1 |       |       |     2 |       ||     3
  Use: Scroll            |       |     3 |       |    11 |    16 |     4 ||    34
       Potion            |       |       |       |     2 |       |     2 ||     4
 Stab: Sleeping          |     2 |     1 |       |       |       |       ||     3
       Distracted        |       |       |       |       |       |     1 ||     1
  Eat: Chunk             |     2 |    13 |    15 |    26 |    53 |    24 ||   133
       Meat ration       |       |       |     1 |       |       |       ||     1
       Fruit             |       |       |       |     4 |     2 |    10 ||    16
Armor: Animal skin       |     9 |       |       |       |       |       ||     9
       Robe              |     9 |    27 |       |       |       |       ||    36
       Plate armour      |       |    69 |    79 |   191 |   542 |   287 ||  1168
Dodge: Dodged            |    64 |   127 |    81 |   147 |   358 |   153 ||   930
Block: Other             |       |       |       |    28 |   153 |    28 ||   209
       Reflection        |       |       |       |     2 |     5 |    26 ||    33
       Buckler           |       |       |       |       |       |   245 ||   245
